 Dungeon Crawl Stone Soup version 0.16.1-14-g82efdee (webtiles) character file.

487 digdugdiggy the Slasher (level 7, -2/52 HPs)
             Began as a Formicid Fighter on Apr 14, 2015.
             Was a Follower of Okawaru.
             Killed by divine providence
             ... invoked by an orc priest
              (14 damage)
             ... on level 4 of the Dungeon.
             The game lasted 00:05:47 (3713 turns).

digdugdiggy the Slasher (Formicid Fighter)          Turns: 3713, Time: 00:05:47

Health: -2/52      AC:  9    Str: 20    XL:     7   Next: 36%
Magic:  8/9        EV: 13    Int:  8    God:    Okawaru [*.....]
Gold:   207        SH: 11    Dex: 12    Spells: 0 memorised, 6 levels left

rFire  . . .     SeeInvis +     a - +0 long sword (curse)
rCold  . . .     Clarity  .     b - +0 scale mail
rNeg   . . .     SustAb   .     c - +0 shield
rPois  +         Gourm    .     (helmet unavailable)
rElec  .         Spirit   .     (no cloak)
rCorr  .         Warding  .     (no gloves)
rMut   .         Stasis   +     l - +0 pair of boots
MR     .....                    (no amulet)
Stlth  ++........               (no ring)
                                m - ring of poison resistance

@: heroism, not resistant to hostile enchantments, unstealthy
A: permanent stasis, dig shafts and tunnels, four strong arms, antennae 3
a: Dig, Shaft Self, Heroism, Renounce Religion


You were on level 4 of the Dungeon.
You worshipped Okawaru.
Okawaru was aware of your devotion.
You were hungry.

You visited 1 branch of the dungeon, and saw 4 of its levels.

You collected 207 gold pieces.

Inventory:

Hand weapons
 a - a cursed +0 long sword (weapon)
 h - a cursed -1 spear
 q - a +0 falchion
Missiles
 o - 3 tomahawks (quivered)
Armour
 b - a +0 scale mail (worn)
 c - a +0 shield (worn)
 l - a +0 pair of boots (worn)
Jewellery
 m - a ring of poison resistance (left hand)
Scrolls
 e - a scroll of random uselessness {unknown}
 i - 3 scrolls of remove curse
 j - a scroll of recharging
 p - a scroll of amnesia
 s - a scroll of blinking {unknown}
Potions
 f - a potion of heal wounds
 k - a potion of degeneration {unknown}
 t - a potion of curing {unknown}
Comestibles
 d - 3 bread rations
 g - 3 beef jerkies
 n - 2 meat rations
 r - a chunk of flesh


   Skills:
 - Level 3.2(8.2) Fighting
 + Level 6.2(11.2) Long Blades
 - Level 3.2(8.2) Armour
 - Level 3.5(8.5) Dodging
 - Level 0.6(5.6) Stealth
 - Level 3.6(8.6) Shields


You had 6 spell levels left.
You didn't know any spells.

Dungeon Overview and Level Annotations

Branches:
Dungeon (4/15)
 Temple: D:4-7

Altars:
Okawaru
Sif Muna
Vehumet


Innate Abilities, Weirdness & Mutations

You are under a permanent stasis effect.
You can dig through walls and to a lower floor.
Your four strong arms can wield two-handed weapons with a shield.
You have a pair of large antennae on your head (SInv).


Message History

You closely miss the orc wizard.
The orc wizard is lightly wounded.
You block the orc wizard's attack. x2
You hit the orc wizard but do no damage.
The orc wizard is lightly wounded.
The orc wizard gestures wildly while chanting.
The orc wizard blinks!
You hit the orc priest.
The orc priest is lightly wounded.
The orc priest invokes the aid of Beogh against you.
Something smites you!
* * * LOW HITPOINT WARNING * * *
You block the orc priest's attack.
You hear a shout!
You hit the orc wizard.
The orc wizard is heavily wounded.
You block the orc wizard's attack.
The orc priest invokes the aid of Beogh against you.
Something smites you!
You die...

#.#.# #.#....
#.#.############.###..
#.#..............# .
#........#########
########.# #.# #.# #o#
#@# #o#########..
#o...{.o.ooo#
###########..


You could see 2 orc priests and an orc wizard.

Vanquished Creatures
  Menkaure (D:4)
  An ogre (D:4)
  A centaur (D:3)
  2 orc wizards (D:4)
  3 gnolls (D:4)
  3 adders (D:2)
  An adder skeleton (D:4)
  3 giant geckos
  8 orcs
  A ball python (D:2)
  5 giant cockroaches
  8 goblins
  7 hobgoblins
  11 jackals
  3 quokkas
  13 bats
  A giant newt (D:4)
  11 kobolds
  A quokka skeleton (D:4)
  13 rats
97 creatures vanquished.

Notes
Turn   | Place    | Note
--------------------------------------------------------------
     0 | D:1      | digdugdiggy, the Formicid Fighter, began the quest for the Orb.
     0 | D:1      | Reached XP level 1. HP: 18/18 MP: 1/1
   242 | D:1      | Reached skill level 1 in Dodging
   242 | D:1      | Reached XP level 2. HP: 21/24 MP: 3/3
   553 | D:1      | Reached XP level 3. HP: 29/29 MP: 4/4
   852 | D:2      | Found a radiant altar of Vehumet.
   967 | D:2      | Reached XP level 4. HP: 27/35 MP: 5/5
  1338 | D:2      | Found a deep blue altar of Sif Muna.
  2193 | D:3      | Found an iron altar of Okawaru.
  2219 | D:3      | Became a worshipper of Warmaster Okawaru
  2244 | D:3      | Noticed a centaur
  2261 | D:3      | Killed a centaur
  2261 | D:3      | Reached XP level 5. HP: 22/41 MP: 7/7
  2799 | D:4      | Noticed Menkaure
  2849 | D:4      | Killed Menkaure
  2849 | D:4      | Acquired Okawaru's first power
  2849 | D:4      | Reached skill level 4 in Long Blades
  2849 | D:4      | Reached XP level 6. HP: 10/47 MP: 8/8
  3090 | D:4      | Reached skill level 5 in Long Blades
  3283 | D:4      | Noticed an ogre
  3312 | D:4      | Killed an ogre
  3312 | D:4      | Reached XP level 7. HP: 12/52 MP: 9/9
  3570 | D:4      | Reached skill level 6 in Long Blades
  3713 | D:4      | Killed from afar by an orc priest

Action                   |  1- 3 |  4- 6 |  7- 9 || total
-------------------------+-------+-------+-------++-------
Melee: Long sword        |    99 |   240 |    40 ||   379
Invok: Heroism           |       |       |     1 ||     1
  Use: Scroll            |     5 |     1 |       ||     6
       Potion            |       |     1 |     1 ||     2
  Eat: Chunk             |       |     8 |     1 ||     9
